 Dungeon Crawl Stone Soup version 0.19.1-1-g22dce08 (webtiles) character file.

25 ponk the Sneak (level 2, -1/14 HPs)
             Began as a Spriggan Assassin on Jan 9, 2017.
             Slain by a leopard gecko (3 damage)
             ... on level 1 of the Dungeon.
             The game lasted 00:03:13 (968 turns).

ponk the Sneak (Spriggan Assassin)                   Turns: 968, Time: 00:03:14

Health: -1/14      AC:  3    Str:  7    XL:     2   Next: 82%
Magic:  3/3        EV: 17    Int: 12    God:
Gold:   66         SH:  0    Dex: 17    Spells: 0 memorised, 1 level left

rFire  . . .     SeeInvis +     a - +2 dagger
rCold  . . .     Gourm    .     c - +0 robe
rNeg   . . .     Faith    .     (shield restricted)
rPois  .         Spirit   .     (helmet restricted)
rElec  .         Reflect  .     d - +0 cloak
rCorr  .         Harm     .     (gloves unavailable)
MR     .....                    (boots unavailable)
Stlth  ++++......               (no amulet)
                                (no ring)
                                (no ring)

@: very quick
A: unfitting armour, see invisible, herbivore 3, speed 3, slow metabolism 2
a: no special abilities


You were on level 1 of the Dungeon.
You were not hungry.

You visited 1 branch of the dungeon, and saw 1 of its levels.

You collected 66 gold pieces.

Inventory:

Hand Weapons
 a - a +2 dagger (weapon)
 b - a +0 blowgun
 h - a +0 short sword
 l - a +1 hand axe of distortion
Missiles
 e - 8 poisoned needles
 f - 2 curare-tipped needles
 m - 5 javelins
Armour
 c - a +0 robe (worn)
 d - a +0 cloak (worn)
Jewellery
 i - an uncursed amulet of faith {unknown}
Scrolls
 k - a scroll of enchant weapon {unknown}
 n - a scroll of identify {unknown}
Potions
 j - a potion of agility {unknown}
Comestibles
 g - a bread ration


   Skills:
 + Level 1.5 Fighting
 + Level 2.3 Short Blades
 + Level 2.1 Throwing
 + Level 1.5 Dodging
 * Level 7.1 Stealth


You had one spell level left.
You didn't know any spells.

Dungeon Overview and Level Annotations

Branches:
Dungeon (1/15)

Altars:


Innate Abilities, Weirdness & Mutations

You are very small and have problems with some larger weapons.
You are too small for most types of armour.
You have supernaturally acute eyesight. (SInv)
You are a herbivore.
You cover ground extremely quickly.
You need consume almost no food.


Message History

The leopard gecko is almost dead.
The leopard gecko bites the plant but does no damage.
The leopard gecko bites you.
* * * LOW HITPOINT WARNING * * *
You hit the leopard gecko.
You kill the leopard gecko!
You hit the leopard gecko but do no damage.
The leopard gecko barely misses you.
You hit the leopard gecko.
The leopard gecko is lightly wounded.
The rat bites the plant but does no damage.
The leopard gecko bites you but does no damage.
You hit the leopard gecko.
The leopard gecko is heavily wounded.
The leopard gecko barely misses you.
The rat bites the plant but does no damage.
You barely miss the leopard gecko.
The leopard gecko is heavily wounded.
The leopard gecko bites you.
You die...

.....#.###...# ## #.# #.
.###.#.##..### #.# #.# #.
.# #.#.###.# # P #.##.# ##
.# #†#.#####♣#P#P♣## #.#.#
## #.#....##♣PP.PPP♣ ##..#
#.#.#####PP...#P♣####.#.#
####.#.#
♣PP..rPP##.#.##.######
(....#.# ♣PP###lP#
#.#.)....... #.####.#
♣#P..@PP♣ #...........
#.####.## #♣P...÷.P♣
#......##### ........#
#P.÷....≈♣ ##.....#
#.####..###♣...§...♣#
##...## #†#
#....#P.......P#####.##
#.#
#.####♣P...÷.P♣#.###.#####
..# #.#
♣P#..÷PP♣#.........# #.#
#.# P♣PP)PP♣♣#.....###.#
#.# #.########)###########
#.#


You could see a leopard gecko and a rat.

Vanquished Creatures
  An ooze (D:1)
  A leopard gecko (D:1)
  A ball python (D:1)
  A giant cockroach (D:1)
  2 goblins (D:1)
  A hobgoblin (D:1)
  7 kobolds (D:1)
  A bat (D:1)
  3 frilled lizards (D:1)
  3 rats (D:1)
21 creatures vanquished.

Vanquished Creatures (others)
  A plant (D:1)
1 creature vanquished.

Grand Total: 22 creatures vanquished

Notes
Turn   | Place    | Note
-------+----------+-------------------------------------------
     0 | D:1      | ponk the Spriggan Assassin began the quest for the Orb.
     0 | D:1      | Reached XP level 1. HP: 10/10 MP: 2/2
    42 | D:1      | Reached skill level 6 in Stealth
   161 | D:1      | Reached XP level 2. HP: 13/14 MP: 3/3
   584 | D:1      | Reached skill level 7 in Stealth
   968 | D:1      | Slain by a leopard gecko

Skill      XL: |  1  2 |
---------------+-------+-----
Stealth        | 6 7 |  7.1
Fighting       | |  1.5
Short Blades   | |  2.3
Throwing       | |  2.1
Dodging        | |  1.5

Action                   || total
-------------------------++-------
Melee: Dagger            ||   194
 Fire: Blowgun           ||     3
 Stab: Sleeping          ||     6
Armor: Robe              ||     6
Dodge: Dodged            ||    59
